 Dungeon Crawl Stone Soup version 0.28-a0-1616-g050a50673c (webtiles) character file.

Game seed: 13473345771646162161

160365 Zonian the Spry (level 18, -2/130 HPs)
             Began as a Djinni Ice Elementalist on Jan 19, 2022.
             Was the Champion of Makhleb.
             Killed from afar by a shock serpent (12 damage)
             ... with a bolt of electricity
             ... on level 4 of the Snake Pit on Jan 22, 2022.
             The game lasted 02:53:41 (59919 turns).

Zonian the Spry (Djinni Ice Elementalist)          Turns: 59919, Time: 02:53:41

Health: -2/130     AC:  9    Str: 16    XL:     18   Next: 39%
Gold:   1773       EV: 24    Int: 22    God:    Makhleb [******] SH:  9 Dex: 20

rFire   + + +      SeeInvis +   b - +7 short sword (elec)
rCold   . . .      Faith    .   w - +3 buckler
rNeg    . . .      Spirit   .   F - +0 robe of Geump {Str+4 Slay+2 Stlth+ Archmagi}
rPois   ∞          Reflect  .   k - +0 helmet of the Archfiend {Rampage +Inv Stlth+}
rElec   .          Harm     .   u - scarf {rC+ rF+}
rCorr   .          Rampage  +   Z - +1 pair of gloves of Zicwab {Dex+2 Slay+2}
Will    +....      Archmagi +   (boots unavailable)
Stlth   +++++++...              (no amulet)
HPRegen 0.31/turn               c - +4 ring of protection
MPRegen 0.00/turn               Q - ring of the Monkey {Str+3 Int+3 SInv}

@: flying, studying Dodging
A: sickness immunity, fire resistance 2, cold vulnerability 1, float, innate
caster, hp casting, extra vitality 1
a: Renounce Religion, Evoke Invisibility, Minor Destruction, Lesser Servant of
Makhleb, Major Destruction, Greater Servant of Makhleb


You were on level 4 of the Snake Pit.
You worshipped Makhleb.
Makhleb was exalted by your worship.
You visited 4 branches of the dungeon, and saw 27 of its levels.
You also visited: Ossuary and Gauntlet.

You collected 3353 gold pieces.
You spent 1580 gold pieces at shops.

Inventory:

Hand Weapons
 a - a +0 short sword of venom
 b - a +7 short sword of electrocution (weapon)
 v - a +3 scimitar of flaming
 A - a +2 dagger of holy wrath
 C - a +3 dagger of venom
Missiles
 H - 12 poisoned darts
 I - 16 javelins
 K - a throwing net
 N - a curare-tipped dart
 T - 7 silver javelins
Armour
 k - the +0 helmet of the Archfiend (worn) {Rampage +Inv Stlth+}
   (You found it on level 10 of the Dungeon)

   +Inv:      It lets you turn invisible.
   Rampage:   It bestows one free step when moving towards enemies.
   Stlth:     It makes you more stealthy.
 l - the -3 pair of gloves of Esteow {Will+ Dex+2 Slay+2}
   (You found it on level 6 of the Lair of Beasts)

   Dex:       It affects your dexterity (+2).
   Slay:      It affects your accuracy & damage with ranged weapons and melee
   (+2).
   Will:      It increases your willpower.
 u - a scarf of resistance (worn)
 w - a +3 buckler (worn)
 F - the +0 robe of Geump (worn) {Str+4 Slay+2 Stlth+ Archmagi}
   (You found it on level 7 of the Dungeon)

   Str:       It affects your strength (+4).
   Slay:      It affects your accuracy & damage with ranged weapons and melee
   (+2).
   Archmagi:  It increases the power of your magical spells.
   Stlth:     It makes you more stealthy.
 Z - the +1 pair of gloves of Zicwab (worn) {Dex+2 Slay+2}
   (You bought it in a shop on level 2 of the Orcish Mines)

   Dex:       It affects your dexterity (+2).
   Slay:      It affects your accuracy & damage with ranged weapons and melee
   (+2).
Jewellery
 c - a +4 ring of protection (left hand)
 e - a ring of protection from cold
 f - a ring of wizardry
 i - a ring of fire
 s - a ring of protection from cold
 O - a ring of resist corrosion
 Q - the ring of the Monkey (right hand) {Str+3 Int+3 SInv}
   (You bought it in a shop on level 6 of the Dungeon)

   [ring of see invisible]

   Str:       It affects your strength (+3).
   Int:       It affects your intelligence (+3).
   SInv:      It lets you see invisible.
 R - a +4 ring of slaying
Wands
 d - a wand of digging (8)
 q - a wand of charming (16)
 y - a wand of iceblast (4)
 B - a wand of flame (53)
 U - a wand of paralysis (13)
Scrolls
 m - 7 scrolls of teleportation
 o - 2 scrolls of summoning
 G - a scroll of magic mapping
 M - 2 scrolls of blinking
 S - a scroll of silence
 W - 5 scrolls of fear
 X - 2 scrolls of fog
Potions
 g - 3 potions of might
 h - a potion of cancellation
 j - 6 potions of haste
 n - 3 potions of berserk rage
 p - 9 potions of curing
 t - 3 potions of invisibility
 x - 6 potions of brilliance
 J - a potion of lignification
 P - 2 potions of ambrosia
 V - a potion of resistance
Miscellaneous
 z - a box of beasts
 Y - a lightning rod (4/4)


   Skills:
 + Level 11.9 Fighting
 - Level 11.5 Short Blades
 + Level 17.3 Dodging
 - Level 9.7 Stealth
 - Level 4.3 Shields
 + Level 11.1 Spellcasting
 + Level 13.4 Invocations
 - Level 9.0 Evocations


You couldn't memorise any spells.
You knew the following spells:

 Your Spells              Type           Power      Damage    Failure   Level
a - Freeze                Ice            100%       1d11      1%          1
b - Frozen Ramparts       Ice            100%       1d12      1%          3
c - Ozocubu's Armour      Ice            75%        N/A       1%          3
d - Hailstorm             Conj/Ice       75%        3d15      1%          4
e - Foxfire               Conj/Fire      100%       2x1d9     1%          1
f - Blink                 Tloc           100%       N/A       1%          2
g - Call Imp              Summ           75%        N/A       1%          2
h - Call Canine Familiar  Summ           75%        N/A       1%          3
i - Ice Form              Ice/Tmut       75%        N/A       1%          4
j - Summon Forest         Summ/Tloc      37%        N/A       1%          5
k - Eringya's Noxious Bo  Tmut/Pois      37%        N/A       11%         6
l - Conjure Ball Lightni  Conj/Air       37%        3x3d12    11%         6
Your spell library was empty.

Dungeon Overview and Level Annotations

Branches:
Dungeon (15/15)            Temple (0/1) D:4            Lair (6/6) D:8
  Swamp (0/4) Lair:3        Snake (4/4) Lair:2        Slime (0/5) Lair:6
    Orc (2/2) D:9             Elf (0/3) Orc:2        Vaults (0/5) D:14
 Depths (0/4) D:15        Ossuary (visited)         Gauntlet (visited)

Altars:
Cheibriados
Elyvilon
Gozag
Kikubaaqudgha
Makhleb
Okawaru
Sif Muna
Vehumet
Yredelemnul
The Shining One
Beogh
Jiyva

Shops:
D:2 ?   D:6 =   Orc:2 [[=**

Portals:
Pandemonium: Orc:2

Annotations:
Lair:6 1 runed translucent door
Snake:3 3 runed translucent doors, Foxy's ghost, adept TrBe; Roxanne


Innate Abilities, Weirdness & Mutations

You are immune to sickness and miasma.
You are immune to poison.
Your flesh is very heat resistant. (rF++)
You are vulnerable to cold. (rC-)
You float through the air rather than walking.
You learn spells naturally, not from books.
Your magical power is your life essence.
You have superior vitality. (+4 MHP)


Message History

Unknown command.
Casting: Hailstorm (mildly dangerous; 1% risk of failure)
Confirm with . or Enter, or press ? or * to list all spells.
You feel a surge of power!
You blink.
The shock serpent closely misses you.
Unknown command.
Casting: Blink (safe; 1% risk of failure)
Confirm with . or Enter, or press ? or * to list all spells.
You feel a surge of power!
You blink.
You block the shock serpent's attack.
Unknown command.
Casting: Blink (safe; 1% risk of failure)
Confirm with . or Enter, or press ? or * to list all spells.
You feel a surge of power!
You blink.
Unknown command.
Casting: Blink (safe; 1% risk of failure)
Confirm with . or Enter, or press ? or * to list all spells.
Casting: Hailstorm (mildly dangerous; 1% risk of failure)
Press: ? - help, Dir - look around, f - activate You feel a surge of power!
A cannonade of hail descends around you!
The hail pelts the shock serpent!!
The shock serpent is severely wounded.
The shock serpent's electric aura discharges, shocking you!
* * * LOW HITPOINT WARNING * * *
The shock serpent shoots out a bolt of lightning at you!
The bolt of electricity hits you!
* * * LOW HITPOINT WARNING * * *
Aiming: Iceblast
Press: ? - help, Shift-Dir - straight line, f - shock serpent
Aim: a shock serpent (severely wounded)
The mass of ice explodes!
The iceblast engulfs the shock serpent!
The shock serpent is almost dead.
The shock serpent's electric aura discharges, shocking you!
* * * LOW HITPOINT WARNING * * *
Okay, then.
Blink to where?
Press: ? - help, Dir - move target, p - shock serpent
As you read the scroll of blinking, it crumbles to dust.
The shock serpent shoots out a bolt of lightning at you!
The bolt of electricity misses you. The bolt of electricity hits you!
You die...

,,,**,,,,........##....#.#
≈,,,**,,,................#
≈≈,,,**,,................#
≈≈,,,,*,,.......S......###
≈≈*+****,..#..?.........#
≈,,,,,,*..*#...........##
,,,,,,,*..#....#.......#
,,,,,,,*....###.......##
≈,,,,,,*.....*#.@.....#
≈≈,,,,,*.....####.....#
≈≈≈≈≈,,*#.....#,##...##
≈≈≈≈≈,,,*#....†##....#
***≈≈≈,,,*#......#..##
,,***≈≈≈,,##...#...##
,,,,**≈≈≈,,##......#
,,,,,**≈≈≈,,#####..#
**,,,,**≈≈≈,,** ####


You could see a shock serpent.

Vanquished Creatures
  Agnes (Snake:3)
  Louise (Snake:3)
  Nessos (Orc:2)
  A minotaur (Gauntlet)
  Snorg (Orc:2)
  5 naga warriors
  10 hydras
  6 anacondas
  5 boulder beetles
  A death knight (D:12)
  An ogre mage (D:15)
  8 two-headed ogres
  7 centaur warriors
  3 tengu warriors
  5 death yaks (Lair:6)
  8 orc high priests
  5 naga sharpshooters
  2 shock serpents
  2 soul eaters (Orc:2)
  3 skeletal warriors (D:15)
  5 salamander mystics
  A deep troll (D:14)
  7 naga ritualists
  2 flayed ghosts (D:14)
  10 orc knights
  A deep elf archer (D:14)
  A deep elf zephyrmancer (D:15)
  A wizard (D:15)
  7 deep elf pyromancers
  8 mana vipers
  A necromancer (D:15)
  5 orc sorcerers
  8 ugly things
  3 wolf spiders (D:14)
  25 salamanders
  4 cyclopes
  A worldbinder (Gauntlet)
  2 manticores
  35 black mambas
  13 elephants
  3 guardian serpents
  7 naga magi
  Maurice (D:8)
  13 cane toads
  A smoke demon (Orc:2)
  A torpor snail (Lair:2)
  A gargoyle (D:10)
  2 unseen horrors
  Maggie (D:6)
  Psyche (D:8)
  2 kobold demonologists (D:13)
  2 freezing wraiths (D:12)
  An efreet (D:10)
  7 komodo dragons
  A hellwing (Orc:2)
  4 rime drakes
  2 tengu conjurers
  7 trolls
  2 polar bears
  Prince Ribbit (D:5)
  9 hornets
  16 blink frogs
  A dream sheep (Lair:6)
  2 slime creatures (D:12)
  13 flying skulls (Gauntlet)
  3 centaur simulacra (D:15)
  14 spriggans (Lair:6)
  4 wraiths
  62 yaks
  2 shadows
  7 wyverns
  7 basilisks
  5 vampire mosquitoes
  A chaos spawn (Orc:2)
  2 wargs
  14 nagas
  18 water moccasins
  An acid dragon (D:9)
  Duvessa (D:5)
  45 orc warriors
  A sky beast (D:4)
  A swamp drake (D:8)
  8 black bears
  2 necrophages (D:5)
  10 ogres
  6 boggarts
  26 wolves
  8 centaurs
  A phantom (D:9)
  15 bullfrogs
  A kobold brigand (D:8)
  3 elf zombies (Ossuary)
  2 gnoll sergeants
  3 scorpions
  A water moccasin zombie (D:6)
  2 water moccasin skeletons (D:5)
  Dowan (D:5)
  5 killer bees (D:10)
  2 howler monkeys
  12 wights
  An electric eel (Lair:6)
  A lava snake (Snake:4)
  A crimson imp (D:6)
  A bullfrog zombie (D:6)
  12 centaur zombies
  23 orc priests
  5 human zombies (Ossuary)
  5 hounds
  A jelly (D:6)
  An iguana (D:5)
  16 orc wizards
  A killer bee zombie (D:9)
  2 ogre zombies (D:9)
  4 mummies
  A hound skeleton (D:4)
  2 howler monkey zombies
  6 adders
  9 gnolls
  A shadow imp (D:7)
  A white imp (D:7)
  An adder skeleton (D:4)
  4 worms
  4 dart slugs
  87 orcs
  3 ball pythons
  3 bats (D:2)
  5 endoplasms
  3 giant cockroaches
  3 goblins
  5 hobgoblins
  12 kobolds
  3 quokkas
  A frilled lizard (D:2)
  A goblin skeleton (D:9)
  5 goblin zombies (D:9)
  A hobgoblin zombie (D:9)
  3 orc skeletons (D:9)
  13 orc zombies (D:9)
  5 rats
  5 rat zombies (D:4)
  A foxfire (Orc:2)
875 creatures vanquished.

Vanquished Creatures (collateral kills)
  A catoblepas (Lair:6)
  A deep elf pyromancer (D:15)
  2 elephants
  A black mamba (Lair:6)
  2 cane toads (Lair:3)
  A komodo dragon (Lair:2)
  A hornet (Gauntlet)
  A dream sheep (Lair:6)
  A yak (Lair:6)
  2 water moccasins
  3 wolves (Lair:6)
  2 howler monkeys (D:10)
  6 ogre zombies (D:9)
  A howler monkey zombie (D:9)
  2 gnolls (D:7)
  An orc (D:15)
  2 orc zombies (D:9)
30 creatures vanquished.

Vanquished Creatures (others)
  A centaur warrior (D:10)
  A black mamba (Snake:1)
  A slime creature (D:12)
  22 demonic plants (Gauntlet)
  168 foxfires
  67 fungi
  117 plants
377 creatures vanquished.

Grand Total: 1282 creatures vanquished

Notes
Turn   | Place    | Note
-------+----------+-------------------------------------------
     0 | D:1      | Zonian the Djinni Ice Elementalist began the quest for the
                  | Orb.
     0 | D:1      | Reached XP level 1. HP: 15/15 MP: 0/0
   477 | D:1      | Found a faded altar of an unknown god.
   485 | D:1      | Prayed at the altar of an unknown god.
   485 | D:1      | Became a worshipper of Makhleb the Destroyer
   485 | D:1      | Reached * piety under Makhleb
   545 | D:1      | Reached XP level 2. HP: 19/21 MP: 0/0
  1051 | D:2      | Reached XP level 3. HP: 19/25 MP: 0/0
  1051 | D:2      | Learned a level 1 spell: Foxfire
  1229 | D:2      | Found Izxe Xuu's Magic Scroll Emporium.
  1238 | D:2      | Bought a scroll of teleportation for 33 gold pieces
  1494 | D:2      | Noticed a black bear
  1671 | D:2      | Identified the ring of Life {Ice rPois MP-9 Dex+4}
  3864 | D:3      | Reached skill level 1 in Invocations
  3950 | D:3      | Reached XP level 4. HP: 26/31 MP: 0/0
  4178 | D:3      | Reached skill level 3 in Dodging
  4223 | D:3      | Identified the +9 mace of Trauma {antimagic, rF+++ rC-
                  | Dex+7}
  4644 | D:3      | Reached ** piety under Makhleb
  5043 | D:4      | Found a staircase to the Ecumenical Temple.
  5050 | D:4      | Noticed an ogre
  5092 | D:4      | Reached XP level 5. HP: 26/35 MP: 0/0
  5092 | D:4      | Learned a level 2 spell: Blink
  5229 | D:4      | Found an opulent altar of Gozag.
  5548 | D:4      | Killed an ogre
  5549 | D:4      | Reached XP level 6. HP: 38/40 MP: 0/0
  5744 | D:4      | Noticed a black bear
  5752 | D:4      | Killed a black bear
  5753 | D:4      | Reached skill level 4 in Dodging
  6100 | D:5      | Entered Level 5 of the Dungeon
  6136 | D:5      | Reached XP level 7. HP: 12/45 MP: 0/0
  6136 | D:5      | Learned a level 2 spell: Call Imp
  6811 | D:5      | Reached skill level 1 in Short Blades
  7664 | D:5      | Found a snail-covered altar of Cheibriados.
  7694 | D:5      | Reached XP level 8. HP: 41/50 MP: 0/0
  7960 | D:5      | Reached skill level 5 in Dodging
  8143 | D:5      | Noticed Dowan
  8177 | D:5      | Noticed Prince Ribbit
  8873 | D:5      | Found an iron altar of Okawaru.
  9256 | D:5      | Noticed Duvessa
  9262 | D:5      | Killed Duvessa
  9262 | D:5      | Killed Dowan
  9263 | D:5      | Reached skill level 5 in Spellcasting
  9263 | D:5      | Reached XP level 9. HP: 45/55 MP: 0/0
  9263 | D:5      | Learned a level 3 spell: Call Canine Familiar
  9319 | D:5      | Killed Prince Ribbit
  9320 | D:5      | Reached skill level 6 in Dodging
  9320 | D:5      | Reached skill level 1 in Shields
  9796 | D:6      | Noticed Maggie
  9995 | D:6      | Reached skill level 5 in Stealth
 10006 | D:6      | Found Beojeor's One-of-a-Kind Rings.
 10019 | D:6      | Killed Maggie
 10020 | D:6      | Reached skill level 5 in Invocations
 10812 | D:6      | Reached XP level 10. HP: 60/60 MP: 0/0
 11099 | D:6      | Found a burning altar of Makhleb.
 11665 | D:7      | Reached *** piety under Makhleb
 12017 | D:7      | Identified the +0 robe of Geump {Str+4 Slay+2 Stlth+
                  | Archmagi}
 12189 | D:7      | Reached skill level 7 in Dodging
 13983 | D:8      | Found a basalt altar of Yredelemnul.
 13988 | D:8      | Found a sand-covered staircase.
 13998 | Ossuary  | Entered an ossuary
 14356 | Ossuary  | Reached **** piety under Makhleb
 14446 | D:8      | Reached skill level 5 in Short Blades
 14787 | D:8      | Noticed Psyche
 14831 | D:8      | Killed Psyche
 15052 | D:8      | Noticed Maurice
 15058 | D:8      | Killed Maurice
 15059 | D:8      | Reached skill level 1 in Fighting
 15059 | D:8      | Reached skill level 1 in Evocations
 15061 | D:8      | Found a glowing golden altar of the Shining One.
 15061 | D:8      | Found a white marble altar of Elyvilon.
 15072 | D:8      | Reached XP level 11. HP: 60/67 MP: 0/0
 15072 | D:8      | Learned a level 4 spell: Ice Form
 15201 | D:8      | Reached skill level 8 in Dodging
 15961 | D:8      | Found a staircase to the Lair.
 16260 | Lair:1   | Entered Level 1 of the Lair of Beasts
 16644 | D:6      | Bought the ring of the Monkey {Str+3 Int+3 SInv} for 484
                  | gold pieces
 17758 | Lair:1   | Reached XP level 12. HP: 68/78 MP: 0/0
 18452 | Lair:2   | Reached skill level 9 in Dodging
 19258 | Lair:2   | Found a staircase to the Snake Pit.
 19692 | Lair:2   | Noticed a boulder beetle
 19714 | Lair:2   | Killed a boulder beetle
 20257 | Lair:2   | Noticed a five-headed hydra
 20290 | Lair:2   | Killed a five-headed hydra
 20408 | Lair:2   | Reached skill level 5 in Fighting
 20865 | Lair:3   | Noticed an eight-headed hydra
 20951 | Lair:2   | Noticed a six-headed hydra
 20984 | Lair:2   | Killed a six-headed hydra
 21143 | Lair:2   | Reached skill level 5 in Evocations
 21386 | Lair:3   | Killed an eight-headed hydra
 21615 | Lair:3   | Reached XP level 13. HP: 78/85 MP: 0/0
 21615 | Lair:3   | Learned a level 5 spell: Summon Forest
 22439 | Lair:3   | Noticed a five-headed hydra
 22451 | Lair:3   | Killed a five-headed hydra
 22452 | Lair:3   | Reached skill level 10 in Dodging
 23281 | Lair:3   | Found a staircase to the Swamp.
 23284 | Lair:3   | Identified the +1 cloak "Zumam" {Will- Regen+ Int-3 Dex+6}
 24487 | Lair:4   | Noticed an eight-headed hydra
 24503 | Lair:4   | Killed an eight-headed hydra
 24776 | Lair:4   | You are sucked into a shaft and drop 2 floors!
 24776 | Lair:6   | Entered Level 6 of the Lair of Beasts
 24902 | Lair:6   | Noticed a six-headed hydra
 24930 | Lair:6   | Killed a six-headed hydra
 24937 | Lair:6   | Identified the -3 pair of gloves of Esteow {Will+ Dex+2
                  | Slay+2}
 25048 | Lair:6   | Noticed a catoblepas
 25108 | Lair:5   | Noticed a boulder beetle
 25833 | Lair:4   | Noticed a four-headed hydra
 25841 | Lair:4   | Killed a four-headed hydra
 26663 | Lair:5   | Reached XP level 14. HP: 94/94 MP: 0/0
 30407 | Lair:6   | Reached skill level 11 in Dodging
 31173 | Lair:6   | Found a runed translucent door.
 31173 | Lair:6   | Found a viscous altar of Jiyva.
 31177 | Lair:6   | Found a staircase to the Slime Pits.
 31177 | Lair:6   | Noticed an azure jelly
 31177 | Lair:6   | Noticed an azure jelly
 31177 | Lair:6   | Noticed an azure jelly
 31224 | Lair:6   | Reached ***** piety under Makhleb
 31870 | Lair:6   | Reached skill level 10 in Invocations
 34113 | D:9      | Reached XP level 15. HP: 44/103 MP: 0/0
 34113 | D:9      | Learned a level 6 spell: Eringya's Noxious Bog
 34478 | D:9      | Found a staircase to the Orcish Mines.
 34902 | D:10     | Entered Level 10 of the Dungeon
 35383 | D:10     | Reached ****** piety under Makhleb
 35442 | D:10     | Identified the +0 helmet of the Archfiend {Rampage +Inv
                  | Stlth+}
 36272 | D:11     | Found a gate leading to a gauntlet.
 36324 | D:11     | Upgraded the game from 0.28-a0-1555-g9ae15a6949 to
                  | 0.28-a0-1567-g1695149f81
 36327 | Gauntlet | Entered a Gauntlet
 36327 | Gauntlet | Found a transporter.
 36327 | Gauntlet | Found a transporter.
 36327 | Gauntlet | Found a transporter.
 36328 | Gauntlet | Found a transporter.
 36329 | Gauntlet | Found a transporter.
 36332 | Gauntlet | Found a transporter.
 36339 | Gauntlet | Found a transporter.
 36340 | Gauntlet | Found a transporter.
 36341 | Gauntlet | Found a transporter.
 36343 | Gauntlet | Found a transporter.
 36347 | Gauntlet | Found a runed translucent door.
 36349 | Gauntlet | Found a runed translucent door.
 36351 | Gauntlet | Found a transporter.
 36352 | Gauntlet | Found a transporter.
 36764 | Gauntlet | Reached skill level 12 in Dodging
 36858 | Gauntlet | Identified the +2 pair of boots of Ekheloz {Regen+}
 38446 | D:12     | Found a burning altar of Makhleb.
 41524 | D:13     | Reached XP level 16. HP: 111/111 MP: 0/0
 42248 | D:14     | Reached skill level 13 in Dodging
 42256 | D:14     | Reached skill level 10 in Short Blades
 42335 | D:14     | Found a gate to the Vaults.
 43095 | D:14     | Found a glowing golden altar of the Shining One.
 43308 | D:15     | Entered Level 15 of the Dungeon
 44755 | D:15     | Reached skill level 14 in Dodging
 44765 | D:15     | Found a staircase to the Depths.
 45562 | Orc:1    | Entered Level 1 of the Orcish Mines
 46570 | Orc:1    | Reached skill level 10 in Fighting
 47491 | Orc:2    | Entered Level 2 of the Orcish Mines
 47498 | Orc:2    | Noticed Nessos
 48146 | Orc:2    | Noticed Snorg
 48158 | Orc:2    | Killed Snorg
 48210 | Orc:2    | Killed Nessos
 48248 | Orc:2    | Found a staircase to the Elven Halls.
 48339 | Orc:2    | Found Beestof's General Store.
 48340 | Orc:2    | Found Feoruamm's General Store.
 48361 | Orc:2    | Reached skill level 10 in Spellcasting
 48700 | Orc:2    | Bought a potion of cancellation for 144 gold pieces
 49098 | Orc:2    | Reached XP level 17. HP: 116/119 MP: 0/0
 49098 | Orc:2    | Learned a level 6 spell: Conjure Ball Lightning
 49686 | Orc:2    | Reached skill level 15 in Dodging
 50085 | Orc:2    | Found Puwnatuc's Antique Armour Boutique.
 50085 | Orc:2    | Found a one-way gate leading to the halls of Pandemonium.
 50085 | Orc:2    | Found Weecvil's Jewellery Shop.
 50091 | Orc:2    | Bought a pair of smouldering gloves for 313 gold pieces
 50091 | Orc:2    | Identified the +1 pair of gloves of Zicwab {Dex+2 Slay+2}
                  | (You bought it in a shop on level 2 of the Orcish Mines)
 50414 | Orc:2    | Found Ceck's Antique Armour Shoppe.
 50422 | Orc:2    | Bought an ichor-stained ring mail for 234 gold pieces
 50422 | Orc:2    | Identified the +4 ring mail "Cabb" {Rampage rF+ rN+} (You
                  | bought it in a shop on level 2 of the Orcish Mines)
 50424 | Orc:2    | Bought a glowing scarf for 208 gold pieces
 50821 | D:2      | Bought a scroll of enchant weapon for 82 gold pieces
 50821 | D:2      | Bought a scroll of blinking for 82 gold pieces
 51051 | Snake:1  | Entered Level 1 of the Snake Pit
 51151 | Snake:1  | Identified the +5 scale mail of Ashenzari's Envy {+Inv rF+
                  | Will- Str+3}
 53863 | Snake:2  | Reached skill level 16 in Dodging
 54289 | Snake:2  | Upgraded the game from 0.28-a0-1567-g1695149f81 to
                  | 0.28-a0-1616-g050a50673c
 54384 | Snake:3  | Noticed Louise
 54395 | Snake:3  | Killed Louise
 54406 | Snake:3  | Noticed Roxanne
 54445 | Snake:3  | Noticed Agnes
 54647 | Snake:3  | Killed Agnes
 55151 | Snake:3  | Found a runed translucent gate.
 55151 | Snake:3  | Found a runed translucent gate.
 55151 | Snake:3  | Found a runed translucent gate.
 55160 | Snake:3  | Noticed Foxy's ghost (adept TrBe)
 56184 | Snake:3  | Reached XP level 18. HP: 125/128 MP: 0/0
 56514 | Snake:4  | Entered Level 4 of the Snake Pit
 57781 | Snake:4  | Reached skill level 17 in Dodging
 59919 | Snake:4  | Killed from afar by a shock serpent

Illustrated notes

Levels and vault maps discovered:
D:1:      onia_arrival_pyramid, layout_basic,
          shapermc_ecumenical_altar_mp_ritualfount, minmay_surrounded
D:2:      layout_basic, basic_altar, serial_shops, shop
D:3:      minmay_angry_zag, layout_basic, chequers_serial_rivers_room_b
D:4:      layout_loops_ring, lemuel_zombie_altar_kikubaaqudgha,
          lemuel_crystal_altar, minmay_temple_entry_butterflies, nrook_uturn,
          minmay_misc_feat_pillars
D:5:      layout_loops_ring, slow_altar_1, mainiacjoe_overflow_alcove_1,
          dk_noncrumbling_3, minmay_misc_feat_chi, kennysheep_nondescript,
          uniq_prince_ribbit1, uniq_duvessa
D:6:      layout_loops_cross, grunt_temple_overflow_lords_of_destruction,
          minmay_misc_feat_rugged, nicolae_shop_unique_rings, uniq_maggie
D:7:      layout_basic
D:8:      layout_rooms, yredelemnul_altar_generic,
          mainiacjoe_overflow_large_starburst, erik_lair_dragon,
          enter_ossuary_1, roderic_roman_lattice, uniq_maurice, uniq_psyche
D:9:      layout_cave_pools, led_sif_book, zombieorc2_lemuel, hex_medium,
          minmay_misc_feat_encased, hangedman_abyss_or_decor_stagger,
          minivault_25_ag
D:10:     minmay_the_grid_triangle_9x9_rhombus_thin
          [minmay_the_grid_triangle_9x9_windchime,
          minmay_the_grid_triangle_9x9_prize_top_heavy,
          minmay_the_grid_triangle_9x9_empty,
          minmay_the_grid_triangle_9x9_skeleton], layout_stronghold
D:11:     layout_basic, gauntlet_entry_generic
D:12:     layout_loops_corners, bloody_makhleb
D:13:     layout_basic
D:14:     minmay_dotted_concentric_squares, layout_long_grid,
          minmay_misc_feat_diagonals, tso_oasis_becter
D:15:     grunt_enter_depths_magical_seal, layout_cave_pools,
          nicolae_twisting_strands, hex_tiny
Lair:1:   layout_loops_ring
Lair:2:   layout_regular_city, dummy_snake_entry, infiniplex_staircase_pool_2
Lair:3:   layout_loops_ring, swamp_mist_pool, minivault_19, grunt_megastairs_5,
          lemuel_fruit_fields
Lair:4:   layout_roguey, lemuel_fruit_fields
Lair:5:   nzn_winding_woodlands_small [nzn_winding_woodlands_5x15_zeroes,
          nzn_winding_woodlands_center_triple_pond,
          nzn_winding_woodlands_5x15_concentric], layout_loops_ring,
          chequers_serial_rivers_large_b, hibernation_bobbens
Lair:6:   minmay_lair_end_enchanted_forest, layout_regular_city, slime_altar_2,
          serial_bayou_lagoon_b
Snake:1:  kennysheep_six_static_rooms, layout_honeycomb, serial_shops, shop
Snake:2:  layout_misc_corridors, grunt_megastairs_1
Snake:3:  layout_concentric_octagons, ebering_ghost_rock_garden,
          serial_bayou_crossing, uniq_agnes, uniq_roxanne, uniq_louise
Snake:4:  snake_pit_salamanders_mu, layout_onion_interference, serial_shops,
          nicolae_shop_trees, gammafunk_ghost_split, drop_trap,
          nicolae_snake_salamander_zone, uniq_aizul
Orc:1:    layout_caves, special_room [special_room_orc], basic_altar,
          nicolae_orc_sculptors_studio, statue_in_the_mist_lemuel
Orc:2:    pf_orc_diabolical, layout_diamond_mine, basic_altar, serial_shops,
          nicolae_square_shop, uniq_nessos, uniq_snorg

Skill      XL: |  1  2  3  4  5  6  7  8  9 10 11 12 13 14 15 16 17 18 |
---------------+-------------------------------------------------------+-----
Stealth        | 2 3 4 5 6 7 8 9 |  9.7
Invocations    | 1 2 3 4 5 6 7 8 9 10 11 12 13 | 13.4
Dodging        | 3 4 5 6 7 8 9 10 11 12 14 16 17 | 17.3
Spellcasting   | 4 5 6 7 8 9 10 11 | 11.1
Short Blades   | 1 2 4 5 6 7 8 9 10 11 | 11.5
Shields        | 3 4 |  4.3
Fighting       | 1 3 5 6 7 8 10 11 | 11.9
Evocations     | 1 3 5 6 7 8 9 |  9.0

Action                   |  1- 3 |  4- 6 |  7- 9 | 10-12 | 13-15 | 16-18 || total
-------------------------+-------+-------+-------+-------+-------+-------++-------
Melee: Short sword       |    63 |    74 |   217 |   581 |  1039 |   839 ||  2813
       Punch             |       |       |     1 |       |       |       ||     1
       Unarmed           |       |       |       |     2 |    55 |       ||    57
       Dagger            |       |       |       |    26 |   117 |       ||   143
       Scimitar          |       |       |       |       |     6 |       ||     6
Throw: Throwing net      |       |       |       |       |     1 |       ||     1
       Dart              |       |       |       |       |       |    10 ||    10
 Cast: Freeze            |    52 |     8 |    13 |       |     2 |       ||    75
       Frozen Ramparts   |       |     2 |    10 |    18 |    36 |    38 ||   104
       Ozocubu's Armour  |       |     2 |     7 |    15 |    24 |    13 ||    61
       Call Imp          |       |       |     1 |     1 |     2 |     1 ||     5
       Blink             |       |       |     1 |       |     8 |    16 ||    25
       Call Canine Famil |       |       |       |     3 |    20 |     4 ||    27
       Hailstorm         |       |       |       |     3 |    21 |   135 ||   159
       Foxfire           |       |       |       |     4 |    36 |    74 ||   114
       Ice Form          |       |       |       |     1 |     3 |       ||     4
       Summon Forest     |       |       |       |       |       |     1 ||     1
Invok: Lesser Servant of |       |       |       |       |     2 |     2 ||     4
 Abil: End Transformatio |       |       |       |       |     1 |       ||     1
Evoke: Wand              |       |       |     5 |     3 |    13 |    14 ||    35
       Lightning rod     |       |       |       |       |     9 |     3 ||    12
       Box of beasts     |       |       |       |       |     1 |       ||     1
  Use: Scroll            |     1 |     5 |     6 |    16 |    18 |     6 ||    52
       Potion            |       |       |     2 |     1 |     4 |     2 ||     9
 Stab: Sleeping          |     4 |     4 |     1 |    17 |    39 |    54 ||   119
       Distracted        |       |       |     1 |     1 |     8 |     8 ||    18
Armor: Robe              |    38 |    23 |    75 |   161 |   198 |    77 ||   572
       Steam dragon scal |       |       |     7 |    15 |       |       ||    22
       Skin              |       |       |       |       |    24 |       ||    24
Dodge: Dodged            |    67 |    39 |   143 |   330 |   670 |   473 ||  1722
Block: Buckler           |       |       |    18 |   117 |   354 |   293 ||   782

Table legend: (Time is in decaauts)
 A = Elapsed time spent in this place.
 B = Non-inter-level travel time spent in this place.
 C = Inter-level travel time spent in this place.
 D = Time resting spent in this place.
 E = Time spent auto-exploring this place.
 F = Levels seen in this place.
 G = Mean time per level.
                   A        B        C        D        E       F      G
               +--------+--------+--------+--------+--------+-----+--------+
         Total |  59208 |  57341 |   1867 |  32779 |  13724 |  29 | 2041.7 |
       Dungeon |  28675 |  27426 |   1249 |  14166 |   8691 |  15 | 1911.7 |
          Lair |  16455 |  16058 |    397 |   9853 |   2899 |   6 | 2742.5 |
     Snake Pit |   8693 |   8572 |    121 |   5983 |   1191 |   4 | 2173.2 |
  Orcish Mines |   4351 |   4251 |    100 |   2249 |    943 |   2 | 2175.5 |
       Ossuary |    359 |    359 |      0 |    130 |      0 |   1 |  359.0 |
      Gauntlet |    674 |    674 |      0 |    398 |      0 |   1 |  674.0 |
               +--------+--------+--------+--------+--------+-----+--------+

Top non-repeatable levels by time:
 Snake:3: 4881 daAuts
  Lair:5: 4266 daAuts
     D:5: 3397 daAuts
  Lair:2: 3332 daAuts
   Orc:2: 3104 daAuts
    D:12: 3030 daAuts
  Lair:6: 2998 daAuts
     D:8: 2670 daAuts
  Lair:3: 2428 daAuts
  Lair:1: 2389 daAuts
     D:6: 2312 daAuts
 Snake:2: 2242 daAuts
     D:9: 2140 daAuts
     D:1: 2053 daAuts
    D:13: 1916 daAuts
